 Dungeon Crawl Stone Soup version 0.30.0-29-ga12c61a403 (webtiles) character file.

Game seed: 4221167513663615057

30802 monsoonserge the Skirmisher (level 13, 0/150 HPs)
             Began as a Demonspawn Monk on June 12, 2023.
             Was the Champion of Cheibriados.
             Slain by a salamander (14 damage)
             ... in a volcano.
             The game lasted 01:06:32 (12552 turns).

monsoonserge the Skirmisher (Demonspawn Monk)      Turns: 12552, Time: 01:06:32

Health: 0/150      AC: 30    Str: 28    XL:     13   Next: 22%
Magic:  14/18      EV:  2    Int: 27    God:    Cheibriados [******]
Gold:   809        SH:  0    Dex: 40    Spells: 12/15 levels left

rFire   . . .        b - +3 great sword
rCold   . . .        (shield currently unavailable)
rNeg    . . .        F - melded +0 acid dragon scales
rPois   +            (helmet currently unavailable)
rElec   .            (cloak currently unavailable)
rCorr   .            l - melded +0 pair of gloves
SInv    .            v - melded +0 pair of boots
Will    .....        C - amulet of regeneration
Stlth   +++          z - +4 ring of protection
HPRegen 1.25/turn    N - +6 ring of dexterity
MPRegen 0.16/turn

%: no passive effects
@: tree-form, very slow
A: stationary, stasis, torment immunity, boosted hp, (antennae 2), (large bone
plates 2), (spiny 2)
a: Renounce Religion, Bend Time, Temporal Distortion, Slouch, Step From Time


You were in a volcano.
You worshipped Cheibriados.
Cheibriados was exalted by your worship.
You were a tree.
You visited 3 branches of the dungeon, and saw 17 of its levels.
You also visited: Ossuary, Bailey and Volcano.

You collected 1025 gold pieces.
You spent 216 gold pieces at shops.

Inventory:

Hand Weapons
 a - a +0 shortbow
 b - a +3 great sword (weapon)
 s - a +4 scimitar of flaming
 P - a +3 dagger of venom
 U - a +2 short sword of draining
 Y - the +6 Majin-Bo {spellvamp, MP+6 Int+6}
   (You found it in a bailey)

   Int:       It affects your intelligence (+6).
   MP:        It affects your magic capacity (+6).
Missiles
 e - 11 javelins
 g - 4 boomerangs of dispersal
 i - 26 boomerangs (quivered)
 m - 48 poisoned darts
Armour
 f - the +3 hat of Pondering {ponderous, Will+ MP+10 Int+5}
   (You took it off Gastronok on level 2 of the Lair of Beasts)

   Int:       It affects your intelligence (+5).
   MP:        It affects your magic capacity (+10).
   Will:      It increases your willpower.
 l - a +0 pair of gloves (melded)
 n - a scarf of shadows
 v - a +0 pair of boots (melded)
 A - a +1 ring mail of cold resistance
 F - +0 acid dragon scales (melded)
 X - a +2 scale mail of positive energy
Jewellery
 o - a ring of poison resistance
 z - a +4 ring of protection (left branch)
 C - an amulet of regeneration (around neck)
 I - a ring of willpower
 N - a +6 ring of dexterity (right branch)
Wands
 t - a wand of charming (15)
 x - a wand of polymorph (8)
 J - a wand of iceblast (3)
 Q - a wand of flame (9)
 T - a wand of digging (7)
 W - a wand of mindburst (4)
Scrolls
 d - a scroll of immolation
 h - 2 scrolls of amnesia
 j - 5 scrolls of teleportation {unknown}
 k - 2 scrolls of torment
 q - 5 scrolls of poison
 r - 4 scrolls of vulnerability
 y - 4 scrolls of magic mapping
 B - 4 scrolls of summoning
 E - 3 scrolls of fog
 G - 2 scrolls of silence
 H - 7 scrolls of enchant weapon
 M - 4 scrolls of fear
 R - 2 scrolls of enchant armour
Potions
 c - 2 potions of resistance
 p - 9 potions of curing
 u - 4 potions of invisibility
 w - a potion of mutation
 D - 3 potions of ambrosia
 L - 2 potions of might
 O - 4 potions of lignification
 S - 6 potions of flight
 V - a potion of brilliance {unknown}
 Z - a potion of attraction


   Skills:
 + Level 8.8 Fighting
 + Level 8.8(10.6) Short Blades
 + Level 9.3(10.9) Long Blades
 * Level 9.6 Ranged Weapons
 + Level 1.3 Throwing
 * Level 7.3 Armour
 + Level 6.5 Dodging
 + Level 1.9 Stealth
 + Level 3.4 Shields
 + Level 1.6 Spellcasting
 + Level 0.2 Hexes
 + Level 7.0 Invocations
 + Level 0.5 Evocations


You had 12 spell levels left.
You knew the following spells:

 Your Spells              Type           Power      Damage    Failure   Level
a - Confusing Touch       Hex            3%         N/A       28%         3

Your spell library contained the following spells:

 Spells                   Type           Power      Damage    Failure   Level
 Kiss of Death            Conj/Necr      8%         2d6       11%         1
 Sandblast                Erth           4%         2d4       11%         1
 Cigotuvi's Dreadful Rot  Necr/Pois/Air  4%         N/A       16%         2
 Passwall                 Tmut/Erth      1%         N/A       16%         2
 Dazzling Flash           Conj/Hex       4%         N/A       28%         3
 Frozen Ramparts          Ice            4%         1d1       30%         3
 Gell's Gravitas          Tloc           2%         N/A       30%         3
 Ignite Poison            Fire/Tmut/Pois 2%         N/A       30%         3
 Ozocubu's Armour         Ice            2%         N/A       30%         3
 Stone Arrow              Conj/Erth      4%         3d7       30%         3
 Teleport Other           Tloc           2%         N/A       30%         3
 Volatile Blastmotes      Fire/Tloc      4%         2d10      30%         3
 Fulminant Prism          Conj/Hex       1%         3d5       67%         4
 Dispel Undead            Necr           2%         3d7       71%         4
 Ice Form                 Ice/Tmut       2%         N/A       71%         4
 Iskenderun's Mystic Bla  Conj/Tloc      2%         2d3       71%         4
 Sticky Flame             Conj/Fire      2%         2d3       71%         4
 Summon Ice Beast         Ice/Summ       2%         N/A       71%         4
 Metabolic Englaciation   Hex/Ice        1%         N/A       95%         5
 Silence                  Hex/Air        1%         N/A       95%         5
 Summon Mana Viper        Hex/Summ       2%         N/A       95%         5
 Agony                    Necr           2%         N/A       96%         5
 Lee's Rapid Deconstruct  Erth           1%         3d4*      96%         5
 Summon Forest            Summ/Tloc      1%         N/A       96%         5
 Death Channel            Necr           1%         N/A       100%        6
 Dispersal                Tloc           1%         N/A       100%        6
 Simulacrum               Ice/Necr       1%         N/A       100%        6
 Summon Cactus Giant      Summ           1%         N/A       100%        6
 Ignition                 Fire           1%         3d3       100%        8


Dungeon Overview and Level Annotations

Branches:
Dungeon (12/15)            Temple (1/1) D:7            Lair (4/5) D:8
 Shoals (0/4) Lair:3        Snake (0/4) Lair:2          Orc (0/2) D:10
Ossuary (visited)          Bailey (visited)         Volcano (1/1)
  Slime: Lair:4-5

Altars:
Ashenzari
Cheibriados
Dithmenos
Fedhas
Gozag
Hepliaklqana
Kikubaaqudgha
Makhleb
Nemelex Xobeh
Okawaru
Qazlal
Ru
Sif Muna
Trog
Uskayaw
Vehumet
Wu Jian
Xom
Yredelemnul

Shops:
D:9 *   D:10 *   D:12 !


Innate Abilities, Weirdness & Mutations

You are a tree.
Your roots penetrate the ground, keeping you stationary.
You cannot be teleported.
You are immune to unholy pain and torment.
Your maximum health is greatly increased.
Your equipment is partially melded.
((You have a pair of antennae on your head.))
((You are mostly covered in large bone plates. (SH +6)))
((You are mostly covered in sharp spines.))


Message History

The salamander hits you but does no damage.
You block the hell knight's attack.
The salamander hits you but does no damage.
The salamander is struck by your spines.
The salamander hits you.
* * * LOW HITPOINT WARNING * * *
You are engulfed in flames!
* * * LOW HITPOINT WARNING * * *
There is an open door, spattered with blood here.
Things that are here:
a +0 shortbow of flaming; a salamander corpse You feel much better.
You block the hell knight's attack.
The salamander is struck by your spines.
The salamander hits you with a +2 heavy spear!
You are engulfed in flames!
* * * LOW HITPOINT WARNING * * *
The salamander is struck by your spines.
The salamander barely misses you. The hell knight misses you.
You block the salamander's attack.
Really quaff the potion of lignification?
You turn into a tree.
Your +0 pair of gloves melds into your body.
Your +0 pair of boots melds into your body.
Your +0 acid dragon scales melds into your body.
Your roots penetrate the ground.
The hell knight hits you but does no damage.
The salamander hits you but does no damage. x2
Press: ? - help, v - describe, . - travel
Here: a salamander (heavily wounded)
The floor.
You slice the salamander!!
The salamander is almost dead.
The hell knight hits you from afar with a +0 halberd of flaming!!
* * * LOW HITPOINT WARNING * * *
The hell knight burns you!
* * * LOW HITPOINT WARNING * * *
The salamander completely misses you. The salamander hits you.
* * * LOW HITPOINT WARNING * * *
You are engulfed in flames!
You die... ... ... ...# #... #..# #..# #..# #..# #..###..# #..p..# #NNN#

#♣# ##### #.# #...#
##.## ##...##
#8.8###.§§..##
#....#..§.§..##
#.......§≈....#
#.......≈§≈§§..##
#.......≈≈§§≈....##
##....§§§§§§≈≈....###


You could see a hell knight (fast) and 3 salamanders.

Vanquished Creatures
  Gastronok (Lair:2)
  A hydra (Lair:4)
  A boulder beetle (D:11)
  A centaur warrior (D:12)
  Erica (Lair:1)
  3 two-headed ogres
  A skyshark (Lair:2)
  An orc knight (Bailey)
  2 ugly things
  2 manticores
  A cyclops (D:11)
  A salamander (Volcano)
  3 black mambas
  9 cane toads
  7 komodo dragons
  A troll (D:10)
  A hornet (D:8)
  A wind drake (Lair:3)
  3 polar bears
  4 dream sheep (Lair:3)
  21 blink frogs
  3 wyverns
  5 fire bats (Volcano)
  A vampire (D:11)
  A wraith (D:9)
  17 yaks
  A vampire mosquito (D:6)
  3 nagas (Lair:2)
  An acid dragon (D:9)
  7 water moccasins
  2 sky beasts (D:6)
  4 orc warriors
  4 black bears (D:8)
  5 ogres
  5 wolves (Lair:4)
  9 centaurs
  2 phantoms
  10 bullfrogs
  2 elf zombies (Ossuary)
  3 kobold brigands
  6 scorpions
  3 wights (D:8)
  5 killer bees (D:11)
  7 howler monkeys
  2 electric eels (Lair:3)
  3 lava snakes (Volcano)
  3 human zombies (Ossuary)
  5 hounds
  4 jellies
  3 orc priests (D:5)
  3 gnoll boudas
  A sleepcap (D:5)
  8 orc wizards
  2 mummies (Ossuary)
  20 gnolls
  6 adders
  4 shadow imps
  4 white imps
  2 ufetubi
  3 worms
  3 dart slugs
  37 orcs
  8 ball pythons
  12 endoplasms
  3 giant cockroaches
  20 goblins
  13 hobgoblins
  6 jackals
  5 quokkas
  7 bats
  2 frilled lizards (D:3)
  4 goblin zombies (Ossuary)
  11 hobgoblin zombies (Ossuary)
  38 kobolds
  6 kobold zombies (Ossuary)
  10 orc zombies (Ossuary)
  2 rats
  A rat zombie (Ossuary)
  A spectral orc (D:3)
  A butterfly (Lair:1)
435 creatures vanquished.

Vanquished Creatures (collateral kills)
  A sky beast (D:6)
  A hound (D:6)
  An adder (D:6)
3 creatures vanquished.

Grand Total: 438 creatures vanquished

Notes
Turn   | Place    | Note
-------+----------+-------------------------------------------
     0 | D:1      | monsoonserge the Demonspawn Monk began the quest for the
                  | Orb.
     0 | D:1      | Reached XP level 1. HP: 18/18 MP: 1/1
    60 | D:1      | Gained mutation: You have a pair of small antennae on your
                  | head. [demonic ancestry]
    60 | D:1      | Reached XP level 2. HP: 11/24 MP: 2/2
   512 | D:1      | Reached XP level 3. HP: 29/29 MP: 3/3
  1425 | D:3      | Identified the +3 quarterstaff of Usurping Infinite Pain
                  | {freeze, Will+ Str-4 Int+3}
  1438 | D:3      | Found a faded altar of an unknown god.
  1443 | D:3      | Prayed at the altar of an unknown god.
  1443 | D:3      | Became a worshipper of Cheibriados the Contemplative
  1443 | D:3      | Reached * piety under Cheibriados
  1443 | D:3      | Reached ** piety under Cheibriados
  1488 | D:3      | Gained mutation: You are partially covered in sharp spines.
                  | [demonic ancestry]
  1488 | D:3      | Reached XP level 4. HP: 35/35 MP: 4/4
  1688 | D:3      | Reached *** piety under Cheibriados
  1760 | D:3      | Reached skill level 1 in Short Blades
  1796 | D:3      | Found a shimmering blue altar of Sif Muna.
  1804 | D:3      | Reached skill level 1 in Invocations
  1811 | D:3      | Found an ancient bone altar of Kikubaaqudgha.
  1816 | D:3      | Reached skill level 1 in Armour
  1816 | D:3      | Reached XP level 5. HP: 27/41 MP: 5/5
  1833 | D:3      | Got Kikubaaqudgha's Vellum of Ectoplasm
  1943 | D:3      | Found a radiant altar of Vehumet.
  2092 | D:3      | Found a basalt altar of Yredelemnul.
  2369 | D:4      | Gained mutation: You are mostly covered in sharp spines.
                  | [demonic ancestry]
  2369 | D:4      | Reached XP level 6. HP: 48/48 MP: 7/7
  2643 | D:4      | Reached **** piety under Cheibriados
  2665 | D:4      | Found a broken altar of Ashenzari.
  2936 | D:5      | Entered Level 5 of the Dungeon
  3018 | D:5      | Gained mutation: You are partially covered in large bone
                  | plates. (SH +4) [demonic ancestry]
  3018 | D:5      | Reached XP level 7. HP: 45/54 MP: 9/9
  3326 | D:5      | Found a sacrificial altar of Ru.
  3409 | D:5      | Reached ***** piety under Cheibriados
  4021 | D:6      | Noticed a yak
  4031 | D:5      | Reached XP level 8. HP: 36/61 MP: 11/11
  4173 | D:5      | Reached skill level 5 in Short Blades
  4284 | D:6      | Reached skill level 5 in Invocations
  4300 | D:6      | Reached skill level 5 in Fighting
  4439 | D:6      | Noticed a two-headed ogre
  4445 | D:6      | Reached XP level 9. HP: 50/68 MP: 12/12
  4448 | D:6      | Reached skill level 1 in Shields
  4474 | D:6      | Killed a two-headed ogre
  4475 | D:6      | Reached skill level 5 in Dodging
  4793 | D:6      | Found a burning altar of Makhleb.
  4822 | D:6      | Found an iron altar of Okawaru.
  5315 | D:7      | Found a sand-covered staircase.
  5325 | Ossuary  | Entered an ossuary
  5341 | Ossuary  | Reached ****** piety under Cheibriados
  5596 | Ossuary  | Reached skill level 1 in Ranged Weapons
  5681 | D:7      | Found a staircase to the Ecumenical Temple.
  5690 | Temple   | Entered the Ecumenical Temple
  6133 | D:7      | Reached XP level 10. HP: 62/76 MP: 14/14
  6193 | D:7      | Learned a level 3 spell: Confusing Touch
  6512 | D:8      | Reached skill level 1 in Spellcasting
  6708 | D:8      | Found a staircase to the Lair.
  7316 | D:9      | Found a flagged portal.
  7325 | Bailey   | Entered a bailey
  7331 | Bailey   | Noticed an orc knight
  7413 | Bailey   | Identified the +0 chain mail of Contumacious Salvation
                  | {*Slow MP+9 Str+2 Dex+7}
  7422 | Bailey   | Killed an orc knight
  7423 | Bailey   | Reached skill level 5 in Long Blades
  7548 | Bailey   | Found the +6 Majin-Bo {spellvamp, MP+6 Int+6}
  7752 | D:9      | Found Revelauw's General Store.
  7757 | D:9      | Bought a scroll of fear for 60 gold pieces
  7874 | D:9      | Reached skill level 1 in Stealth
  8110 | D:10     | Entered Level 10 of the Dungeon
  8160 | D:10     | Found a staircase to the Orcish Mines.
  8164 | D:10     | Noticed a two-headed ogre
  8170 | D:10     | Gained mutation: You have a pair of antennae on your head.
                  | [demonic ancestry]
  8170 | D:10     | Reached XP level 11. HP: 71/83 MP: 16/16
  8172 | D:10     | Killed a two-headed ogre
  8458 | D:10     | Reached skill level 5 in Ranged Weapons
  8460 | D:10     | Found Nenicu Maru's General Store.
  8463 | D:10     | Bought a scroll of noise for 14 gold pieces
  8463 | D:10     | Bought a potion of heal wounds for 70 gold pieces
  8911 | D:11     | Noticed a two-headed ogre
  8917 | D:11     | Killed a two-headed ogre
  8995 | D:11     | Reached skill level 5 in Armour
  9104 | D:11     | Noticed a boulder beetle
  9126 | D:11     | Killed a boulder beetle
  9469 | D:12     | Found Bosolo Ukhlil's Distillery.
  9477 | D:12     | Bought a potion of curing for 36 gold pieces
  9477 | D:12     | Bought a potion of lignification for 36 gold pieces
  9602 | D:12     | Noticed a red ugly thing
  9617 | D:11     | Killed a red ugly thing
  9722 | D:12     | Noticed a centaur warrior
  9737 | D:12     | HP: 2/84 [centaur warrior/arrow (24)]
  9740 | D:12     | Killed a centaur warrior
  9802 | D:12     | Noticed a purple ugly thing
  9813 | D:12     | Killed a purple ugly thing
  9946 | Lair:1   | Entered Level 1 of the Lair of Beasts
 10084 | Lair:1   | Gained mutation: You are mostly covered in large bone
                  | plates. (SH +6) [demonic ancestry]
 10084 | Lair:1   | Reached XP level 12. HP: 83/91 MP: 17/17
 10132 | Lair:1   | Noticed Erica
 10148 | Lair:1   | Killed Erica
 10908 | Lair:2   | Noticed Gastronok
 10930 | Lair:2   | Killed Gastronok
 11120 | Lair:2   | Found a staircase to the Snake Pit.
 11298 | Lair:3   | Found a staircase to the Shoals.
 12128 | Lair:4   | Reached skill level 1 in Throwing
 12148 | Lair:4   | Reached XP level 13. HP: 99/99 MP: 18/18
 12412 | Lair:4   | Found a dark tunnel.
 12421 | Volcano  | Entered a volcano
 12552 | Volcano  | Slain by a salamander

Illustrated notes

Levels and vault maps discovered:
D:1:      minmay_arrival_shoal_huts, layout_basic, kennysheep_nondescript
D:2:      kennysheep_big_flooded_room, layout_basic, serial_curves,
          eino_curves_02, eino_curves_03
D:3:      layout_loops_ring, palyth_temple_overflow_mages,
          yredelemnul_forgotten_temple_becter, basic_ecumenical_altar
D:4:      minmay_chambers_of_twos, layout_basic, evilmike_ruin_ashenzari,
          minmay_quadrilaterals
D:5:      corexii_shantytown, layout_cave_pools, mainiacjoe_overflow_swirl,
          hangedman_decor_slide_cut
D:6:      cheibrodos_fzero, layout_rooms, kennysheep_okawaru_gauntlet,
          mainiacjoe_overflow_cross_hatched, minmay_chambers_of_fives
D:7:      layout_gridville, lemuel_round_altar,
          minmay_temple_entry_gardened_gates, nicolae_ossuary_entry_monument
D:8:      layout_rooms, due_lair_maze_entry_diamond
D:9:      layout_roguey, serial_shops, kennysheep_little_box, enter_bailey_2
D:10:     layout_roguey, david_orc_2, serial_shops, nicolae_shop_stone
D:11:     layout_roguey
D:12:     layout_stronghold, serial_shops, shop
Temple:   hc_temple_tempest_star
Lair:1:   layout_loops_ring, lemuel_fruit_fields, uniq_erica
Lair:2:   layout_cave_shapes, guppyfry_snake_entry_garden, uniq_gastronok
Lair:3:   layout_regular_city, minmay_shoals_entry_beasts, minmay_holes,
          serial_bayou_shore_a
Lair:4:   layout_roguey, enter_volcano_1, columned_hall_lemuel,
          grunt_megastairs_1, serial_bayou_shore_b, serial_bayou_shore_b,
          uniq_kirke
Volcano:  volcano_grotto [vgs_dualism]

Skill      XL: |  1  2  3  4  5  6  7  8  9 10 11 12 |
---------------+-------------------------------------+-----
Long Blades    | 3 5 7 9 |  9.3
Dodging        | 3 4 5 6 |  6.5
Short Blades   | 1 2 3 4 6 8 |  8.8
Invocations    | 1 2 3 4 5 7 |  7.0
Armour         | 1 2 3 4 5 7 |  7.3
Fighting       | 4 5 6 7 8 |  8.8
Shields        | 1 2 3 |  3.4
Ranged Weapons | 1 4 7 9 |  9.6
Spellcasting   | 1 |  1.6
Stealth        | 1 |  1.9
Throwing       | 1 |  1.3
Hexes          | |  0.2
Evocations     | |  0.5

Action                     |  1- 3 |  4- 6 |  7- 9 | 10-12 | 13-15 || total
---------------------------+-------+-------+-------+-------+-------++-------
  Melee: Falchion          |    37 |       |       |       |       ||    37
         Dagger            |    77 |    99 |    65 |       |       ||   241
         Short sword       |       |       |   233 |    15 |       ||   248
         Punch             |       |       |     1 |     1 |       ||     2
         Great sword       |       |       |       |   284 |    43 ||   327
         Long sword        |       |       |       |    12 |       ||    12
         Scimitar          |       |       |       |       |     3 ||     3
   Fire: Shortbow          |       |       |    47 |   270 |    38 ||   355
  Throw: Boomerang         |       |       |       |     5 |     9 ||    14
         Dart              |       |       |       |    14 |     1 ||    15
   Cast: Confusing Touch   |       |       |       |     2 |       ||     2
 Invoke: Bend Time         |       |       |     2 |       |       ||     2
         Slouch            |       |       |       |       |     1 ||     1
  Evoke: Wand              |       |       |     1 |     1 |       ||     2
    Use: Potion            |       |       |       |     3 |     2 ||     5
         Scroll            |       |       |       |    18 |       ||    18
   Stab: Sleeping          |       |       |     2 |     2 |       ||     4
         Invisible         |       |       |       |     2 |       ||     2
         Confused          |       |       |       |     1 |       ||     1
 Armour: Robe              |     9 |       |       |       |       ||     9
         Ring mail         |    20 |    15 |       |       |       ||    35
         Chain mail        |       |       |    17 |       |       ||    17
         Leather armour    |       |       |    40 |    17 |       ||    57
         Scale mail        |       |       |       |    22 |       ||    22
         Acid dragon scale |       |       |       |    55 |    18 ||    73
         Skin              |       |       |       |       |     3 ||     3
  Dodge: Dodged            |    69 |    42 |   152 |   338 |    70 ||   671
  Block: Orb               |       |       |    17 |       |       ||    17
         Other             |       |       |    12 |    93 |    20 ||   125
